 Dungeon Crawl Stone Soup version 0.30.0-13-g156ef70053 (webtiles) character file.

Game seed: 4050320146676255870

221 browni3141 the Covered (level 5, -3/47 HPs)
             Began as a Minotaur Fighter on May 17, 2023.
             Slain by a gnoll
             ... wielding a +0 halberd
              (7 damage)
             ... on level 4 of the Dungeon.
             The game lasted 00:01:53 (2263 turns).

browni3141 the Covered (Minotaur Fighter)           Turns: 2263, Time: 00:01:53

Health: -3/47      AC:  9    Str: 20    XL:     5   Next: 65%
Magic:  4/4        EV:  8    Int:  5    God:
Gold:   128        SH:  5    Dex: 12    Spells: 4/4 levels left

rFire   . . .        a - +0 war axe
rCold   . . .        c - +0 buckler
rNeg    . . .        N - +0 chain mail
rPois   .            (helmet restricted)
rElec   .            (no cloak)
rCorr   .            (no gloves)
SInv    .            (no boots)
Will    .....        (no amulet) Stlth
                     (no ring)
HPRegen 0.27/turn    (no ring)
MPRegen 0.09/turn

%: no passive effects
@: no status effects
A: horns 2, retaliatory headbutt
a: no special abilities


You were on level 4 of the Dungeon.
You visited 1 branch of the dungeon, and saw 4 of its levels.

You collected 167 gold pieces.
You spent 39 gold pieces at shops.

Inventory:

Hand Weapons
 a - a +0 war axe (weapon)
Armour
 b - a +0 scale mail
 c - a +0 buckler (worn)
 N - a +0 chain mail (worn)
Jewellery
 J - a ring of protection from fire
 Q - a ring of wizardry
Wands
 p - a wand of polymorph (8)
 V - a wand of flame (4)
Scrolls
 O - 2 scrolls of fear {unknown}
 S - a scroll of enchant weapon {unknown}
 T - a scroll of noise {unknown}
 X - 2 scrolls of vulnerability {unknown}
 Z - 3 scrolls of identify {unknown}
Potions
 C - a potion of curing
 K - a potion of heal wounds {unknown}
 L - 3 potions of brilliance {unknown}
 M - a potion of might
 P - 2 potions of invisibility {unknown}
 R - a potion of cancellation {unknown}
 U - a potion of mutation {unknown}
 W - 2 potions of lignification {unknown}
 Y - a potion of berserk rage {unknown}


   Skills:
 + Level 4.7 Fighting
 + Level 3.8 Axes
 + Level 4.7 Armour
 + Level 2.4 Dodging
 + Level 4.7 Shields


You had 4 spell levels left.
You didn't know any spells.
Your spell library contained the following spells:

 Spells                   Type           Power      Damage    Failure   Level
 Dazzling Flash           Conj/Hex       0%         N/A       100%        3
 Vhi's Electric Charge    Tloc/Air       0%         N/A       100%        3
 Agony                    Necr           0%         N/A       100%        5
 Arcjolt                  Conj/Air       0%         1d10      100%        5
 Silence                  Hex/Air        0%         N/A       100%        5
 Summon Forest            Summ/Tloc      0%         N/A       100%        5
 Eringya's Noxious Bog    Tmut/Pois      0%         N/A       100%        6
 Plasma Beam              Fire/Air       0%         2x1d11    100%        6
 Summon Hydra             Summ           0%         N/A       100%        7


Dungeon Overview and Level Annotations

Branches:
Dungeon (4/15)
 Temple: D:4-7

Altars:

Shops:
D:2 !


Innate Abilities, Weirdness & Mutations

You have a pair of horns on your head.
You reflexively headbutt those who attack you in melee.


Message History

A dart slug is nearby!
A dart slug is nearby!
The dart slug launches a dart at you. The slug dart hits you.
You see here a fuming sapphire potion.
You slash the dart slug! You headbutt the dart slug.
You kill the dart slug!
No target in view!
No target in view!
K - a fuming sapphire potion
J - a ring of protection from fire
Found a stone staircase leading down.
A goblin comes into view. It is wielding a +0 dagger.
A goblin is nearby!
A goblin is nearby!
A goblin is nearby!
A goblin is nearby!
You slash the goblin!
You kill the goblin!
No target in view!
Things that are here:
a +0 dagger; a goblin corpse No target in view!
You now have enough gold to buy a potion of invisibility on D:2.
You can access your shopping list by pressing '$'.
You now have 109 gold pieces (gained 8).
A scorpion comes into view.
A scorpion is nearby!
A scorpion is nearby!
A scorpion is nearby!
You hit the scorpion but do no damage. You headbutt the scorpion!
The scorpion is moderately wounded.
The scorpion stings you but does no damage.
You slash the scorpion!
The scorpion is severely wounded.
The scorpion stings you.
The scorpion stings you but does no damage.
You barely miss the scorpion. You headbutt the scorpion.
You kill the scorpion!
You have reached level 5!
HP restored.
You now have 128 gold pieces (gained 19).
An adder comes into view.
An adder is nearby!
An adder is nearby!
An adder is nearby!
An adder is nearby!
The adder hisses angrily.
Found a stone staircase leading down.
You block the adder's attack.
You slash the adder!
The adder is severely wounded.
The adder barely misses you.
You slash the adder!
You kill the adder!
You see here an adder corpse.
No target in view!
You open the door.
There is an open door here.
There is an open door here.
A gnoll comes into view. It is wielding a +0 flail.
The gnoll shouts!
A gnoll comes into view. It is wielding a +0 halberd.
There are monsters nearby!
There are monsters nearby!
There are monsters nearby!
A gnoll comes into view. It is wielding a +0 halberd.
The gnoll shouts! x2
The gnoll hits you from afar with a +0 halberd!
You block the gnoll's attack.
The gnoll hits you from afar with a +0 halberd.
You block the gnoll's attack.
You hit the gnoll.
The gnoll is moderately wounded.
You hit the gnoll. The gnoll hits you with a +0 flail.
The gnoll hits you but does no damage. The gnoll barely misses you.
The gnoll hits you but does no damage. You block the gnoll's attack.
The gnoll hits you with a +0 flail.
You barely miss the gnoll. Your headbutt misses the gnoll.
The gnoll is moderately wounded.
You barely miss the gnoll. You block the gnoll's attack.
The gnoll hits you but does no damage.
The gnoll hits you from afar with a +0 halberd!
You hit the gnoll.
The gnoll is heavily wounded.
You slash the gnoll!
You kill the gnoll!
The gnoll hits you with a +0 halberd. You block the gnoll's attack.
You slash the gnoll!
You kill the gnoll!
The gnoll barely misses you.
The gnoll hits you from afar with a +0 halberd.
The gnoll barely misses you.
You barely miss the gnoll. Your headbutt misses the gnoll.
The gnoll hits you with a +0 halberd.
You barely miss the gnoll. The gnoll hits you with a +0 halberd!
You hit the gnoll.
The gnoll is moderately wounded.
The gnoll hits you with a +0 halberd!
You die...

.... #.............
..... #.............
..... #.............
.....######.............
..............†.........
...............#+###....
........)......'...#....
......)........#...#....
.......@.>.#####...#....
......g....# #....#....
...........# #....#....
...........# ######....
...........# .......
#####......# .......
#......# ........
#......# ........
.......


You could see a gnoll.

Vanquished Creatures
  A scorpion (D:4)
  An orc wizard (D:3)
  2 gnolls (D:4)
  4 adders
  2 dart slugs
  4 orcs (D:3)
  4 ball pythons (D:2)
  6 bats
  4 endoplasms
  3 giant cockroaches (D:1)
  10 goblins
  8 hobgoblins
  8 kobolds
  2 quokkas
  6 frilled lizards
  11 rats
76 creatures vanquished.

Notes
Turn   | Place    | Note
-------+----------+-------------------------------------------
     0 | D:1      | browni3141 the Minotaur Fighter began the quest for the
                  | Orb.
     0 | D:1      | Reached XP level 1. HP: 19/19 MP: 0/0
   128 | D:1      | Reached XP level 2. HP: 27/27 MP: 1/1
   590 | D:1      | Reached XP level 3. HP: 33/33 MP: 2/2
   704 | D:2      | Reached skill level 3 in Axes
   976 | D:2      | Found Urag's Distillery.
   985 | D:2      | Bought a potion of curing for 39 gold pieces
  1254 | D:3      | Reached XP level 4. HP: 40/40 MP: 3/3
  2215 | D:4      | Noticed a scorpion
  2220 | D:4      | Killed a scorpion
  2221 | D:4      | Reached XP level 5. HP: 46/47 MP: 4/4
  2263 | D:4      | Slain by a gnoll

Illustrated notes

Levels and vault maps discovered:
D:1:      roderic_chinese_lattice_arrival, layout_loops_cross
D:2:      layout_basic, serial_shops, shop
D:3:      layout_loops_ring, serial_co_window_serial, co_window_paths_a,
          co_window_paths_b, co_window_corner_a, co_window_paths_b,
          co_window_of_opportunity_a, co_window_broadway_b,
          co_window_of_opportunity_c, co_window_cross_4, co_window_sun
D:4:      layout_gridville, uniq_eustachio, uniq_ijyb

Skill      XL: |  1  2  3  4 |
---------------+-------------+-----
Dodging        | 1 2 |  2.4
Armour         | 4 |  4.7
Fighting       | 4 |  4.7
Shields        | 4 |  4.7
Axes           | 3 |  3.8

Action                     |  1- 3 |  4- 6 || total
---------------------------+-------+-------++-------
  Melee: War axe           |   104 |    63 ||   167
         Headbutt          |    13 |     8 ||    21
 Armour: Chain mail        |    69 |    31 ||   100
         Scale mail        |     1 |       ||     1
  Dodge: Dodged            |    34 |    22 ||    56
  Block: Buckler           |    22 |    16 ||    38
